[Event "XX Gran Hotel Bali-A 2023"]
[Site "Benidorm"]
[Date "2023.12.02"]
[Round "1.1"]
[White "Grigoryan, Karen H."]
[Black "Jerie, Sven"]
[Result "1-0"]
[ECO "E15"]
[WhiteElo "2646"]
[BlackElo "2055"]
[Annotator "TA"]
[PlyCount "75"]
[EventDate "2023.12.02"]
[EventType "swiss"]
[EventCountry "ESP"]
[SourceTitle "playchess.com"]
[Source "ChessBase"]
[SourceQuality "1"]
[TimeControl "5400+30"]

1. d4 Nf6 2. c4 e6 3. g3 d5 4. Nf3 Bb4+ 5. Bd2 Be7 6. Bg2 O-O 7. O-O c6 8. Qc2 b6 9. Rd1 Ba6 10. b3 Nbd7 11. Nc3 {[%emt 0:01:26][%cal Bb1c3,Bc3a4,Ba4b2,Bb2d3,Bd3b4][%mdl 32] E15: Queen's Indian: 4 g3 sidelines, 4 g3 Ba6 and 4 g3 Bb7 early deviations.} Rc8 12. e4 {[%emt 0:00:20][%cal Be2e4,Be4e5][%mdl 32] [#]} b5 $146 (12... dxc4 $11 13. Bf4 h6) ({Predecessor:} 12... dxc4 13. Bf4 Bb4 14. Nd2 b5 15. bxc4 bxc4 16. a3 Ba5 17. Bd6 Re8 18. e5 Nd5 {0-1 Gallego Alcaraz,A (2512)-Wojtaszek,R (2698) Online Olym Div Top-D rapid 2021 (7.1)}) 13. e5 $16 {[%emt 0:00:45] White is better.} Ne8 14. c5 b4 15. Na4 Rb8 16. Re1 {[%emt 0:02:14] Against Be2} Nc7 17. Nb2 {[%emt 0:00:37] White is more active.} Bc8 (17... g5 $16) 18. Nd3 $18 a5 19. a3 Na6 (19... Ba6 $142 20. axb4 Bxd3 {[%mdl 64] Remove Defender} 21. Qxd3 axb4) 20. axb4 Nxb4 21. Bxb4 axb4 22. Ra4 Qc7 23. Nxb4 ({Much less strong is} 23. Rxb4 $6 Ba6 $16) 23... Bb7 24. Bf1 (24. Ra7 Ra8 25. Ra4 h6 $16) 24... Ra8 25. Na6 Bxa6 26. Bxa6 ({Don't take} 26. Rxa6 Rxa6 27. Bxa6 Rb8) 26... Ra7 27. b4 Rfa8 28. Rea1 Nb8 29. Bd3 g6 30. h4 Nd7 31. b5 cxb5 32. Rxa7 Rxa7 33. Rxa7 Qxa7 34. c6 Nb6 {[%emt 0:00:42] [#]} 35. c7 $1 Qb7 36. Bxb5 {[%emt 0:00:14] White has a decisive advantage.} Qc8 {[%emt 0:00:28] Black is weak on the light squares} 37. Qc6 Na8 38. Ba6 {[%emt 0:00:20] Weighted Error Value: White=0.03 (flawless) /Black=0.22 (precise)} 1-0

[Event "XX Gran Hotel Bali-A 2023"]
[Site "Benidorm"]
[Date "2023.12.02"]
[Round "1.2"]
[White "Potawad Anirudhha"]
[Black "Mitrabha, Guha"]
[Result "0-1"]
[ECO "B22"]
[WhiteElo "2075"]
[BlackElo "2516"]
[Annotator "TA"]
[PlyCount "72"]
[EventDate "2023.12.02"]
[EventType "swiss"]
[EventCountry "ESP"]
[SourceTitle "playchess.com"]
[Source "ChessBase"]
[SourceQuality "1"]
[TimeControl "5400+30"]

1. e4 e6 2. d4 d5 3. exd5 exd5 4. Bd3 c5 5. dxc5 Bxc5 6. Nf3 Nf6 7. O-O O-O 8. Nbd2 Nc6 9. c3 Bb6 {[%emt 0:00:24] B22: Sicilian: 2 c3.} 10. h3 h6 (10... Qc7 $15 11. Nb3 Qd6 {[%mdl 64] Decoy}) 11. Nb3 Ne4 {[%emt 0:00:08] The position is equal.} 12. Nbd4 Re8 13. Be3 Bc7 {[%emt 0:00:54] [#]} 14. Rc1 $146 ({Predecessor:} 14. Qc2 a6 15. Rad1 Qf6 16. Rfe1 Bd7 17. Qb3 Qd6 18. Ne2 Ne5 19. Nxe5 Qxe5 {0-1 Cespedes Llaverias,L (2107)-Chalmeta Ugas,J (2142) Catalunya-chT GpB final 2019 (1.10)}) 14... Qf6 15. c4 Nxd4 16. Bxd4 Qd6 (16... Qg6 $11 17. cxd5 Bf4) 17. Re1 $14 Bxh3 18. gxh3 {[%emt 0:25:45] aiming for cxd5.} Ng5 $2 (18... Qg6+ $16 19. Kf1 Qf5) 19. Ne5 $2 {[%emt 0:07:31] [#]} (19. Rxe8+ $18 Rxe8 20. Kf1 (20. Bxa7 $2 Qf4 $19)) 19... Qf6 $1 $17 20. Kg2 Bxe5 21. Qe2 $2 (21. Rxe5 $17 Rxe5 22. cxd5) 21... Ne4 $2 (21... Bxd4 $2 22. Qxe8+ Rxe8 23. Rxe8#) (21... dxc4 $19 {and Black stays clearly on top.} 22. Rxc4 Qe6) 22. Bxe4 (22. cxd5 $17 Bxd4 23. Bxe4) 22... dxe4 $19 ({Not} 22... Bxd4 23. cxd5 Bxb2 24. Rb1 $17) 23. Bxe5 Rxe5 ({Stronger than} 23... Qxe5 24. Rcd1) 24. Rc3 Rae8 ({Worse is} 24... e3 25. Rxe3 Rxe3 26. Qxe3 $17) 25. Rg3 h5 26. b3 g6 27. Qe3 b6 28. Rd1 Qe6 29. Rd2 Kh7 30. Rd4 Rf5 31. Qe2 (31. Qd2 $17) 31... Qf6 32. Rd2 Ree5 33. Kg1 (33. a4 {was worth a try.}) 33... Rf3 34. Kg2 $2 (34. Rd5 Rxd5 35. cxd5) 34... Kg7 {[%emt 0:00:20] [#] ...Ref5 is the strong threat.} 35. b4 $2 (35. Rd5 {is the only way for White.} Rxd5 36. cxd5) 35... Qf4 (35... h4 $142 36. Rg4 Ref5 37. Qxe4 Rxf2+ 38. Rxf2 Rxf2+ 39. Kh1 Qa1+ 40. Rg1 Qc3) 36. Rc2 $2 (36. Rd5) 36... Rg5 {[%emt 0:00:24] An exciting game.   Weighted Error Value: White=0.74/Black=0.63} 0-1

[Event "XX Gran Hotel Bali-A 2023"]
[Site "Benidorm"]
[Date "2023.12.02"]
[Round "1.3"]
[White "Solodovnichenko, Yuri"]
[Black "Exposito Milan, Adrian"]
[Result "1/2-1/2"]
[ECO "B70"]
[WhiteElo "2490"]
[BlackElo "2057"]
[Annotator "TA"]
[PlyCount "111"]
[EventDate "2023.12.02"]
[EventType "swiss"]
[EventCountry "ESP"]
[SourceTitle "playchess.com"]
[Source "ChessBase"]
[SourceQuality "1"]
[TimeControl "5400+30"]

1. e4 c5 2. Nf3 d6 3. d4 cxd4 4. Nxd4 Nf6 5. Nc3 g6 6. Bc4 Bg7 7. O-O Nc6 8. Re1 {[%emt 0:03:20] is the legacy move (8.h3).} O-O 9. h3 Bd7 10. Bg5 {[%emt 0:02:39] was the old line (10.Nf3). B70: Sicilian Dragon: 6 g3 and 6 Be2 (without a later Be3).} Rc8 11. Nxc6 Bxc6 12. Bb3 h6 13. Bh4 Nd7 14. Qd2 {[%emt 0:02:02] [#]} b5 $146 ({Predecessor:} 14... Nc5 15. f3 a5 16. Rab1 b5 17. Ne2 g5 18. Bf2 e6 19. c3 Nxb3 20. axb3 d5 {1-0 Lanc,A (2344)-Sluka,R (2319) CZE-chT1E 1415 2014 (6.3)}) 15. a3 g5 16. Bg3 Nc5 17. Bd5 Bxc3 18. bxc3 e5 19. Rab1 (19. Rad1 $11 {keeps the balance.}) 19... a6 20. Rbd1 Qf6 21. Re3 Qg6 22. f3 Bxd5 23. Qxd5 Rfd8 24. c4 bxc4 25. Qxc4 Qe6 26. Rd5 Qe7 27. Rc3 Qb7 {[%emt 0:05:10][%cal Oc5e4] [#] ...Nxe4! is the strong threat.} (27... Kg7 $5 28. Qb4 (28. Bxe5+ dxe5 29. Rxc5 Rd1+ 30. Kf2 Rd2+ 31. Kg1 Rd1+ 32. Kf2 Rd2+ 33. Kg1 Rd1+ $11) 28... g4 $14) 28. Qb4 Qxb4 29. axb4 Nb7 30. Rdd3 Kf8 31. Kf1 Ke7 32. Be1 Kd7 33. Ke2 Rxc3 34. Rxc3 Rc8 $1 35. Rxc8 Kxc8 $11 {[%emt 0:00:02][%mdl 4096] Endgame KB-KN} 36. Kd3 Kd7 37. Bd2 Nd8 38. Be3 Kc6 39. c4 Ne6 40. g3 f6 41. Kc3 Ng7 {[%emt 0:00:36] The position is equal.} 42. Kb3 f5 43. Ka4 fxe4 44. fxe4 Nh5 45. Ka5 Kb7 46. h4 Nxg3 47. hxg5 hxg5 (47... Nxe4 $2 48. g6 $18) 48. Bxg5 Nxe4 49. Be3 Nc3 50. Bd2 Ne4 (50... Nb1 $5 51. Bc1 $8 Nc3 $11) 51. Be1 Ka7 52. b5 axb5 53. Kxb5 Kb7 54. Bb4 Kc7 55. c5 dxc5 56. Bxc5 {[%emt 0:00:04] Weighted Error Value: White=0.10 (very precise) /Black=0.06 (flawless)} 1/2-1/2

[Event "XX Gran Hotel Bali-A 2023"]
[Site "Benidorm"]
[Date "2023.12.02"]
[Round "1.4"]
[White "Gomez Aguirre, Juan Alberto"]
[Black "Zanan, Evgeny"]
[Result "1/2-1/2"]
[ECO "E24"]
[WhiteElo "2068"]
[BlackElo "2486"]
[Annotator "TA"]
[PlyCount "80"]
[EventDate "2023.12.02"]
[EventType "swiss"]
[EventCountry "ESP"]
[SourceTitle "playchess.com"]
[Source "ChessBase"]
[SourceQuality "1"]
[TimeControl "5400+30"]

1. d4 d5 2. c4 e6 3. Nc3 Nf6 4. cxd5 exd5 5. Bg5 Bb4 6. e3 h6 7. Bxf6 Qxf6 8. a3 Bxc3+ 9. bxc3 O-O {[%emt 0:00:16] E24: Nimzo-Indian: Sämisch: Unusual Black 5th moves and 5...c5 sidelines.} 10. Bd3 c5 11. Ne2 Nc6 12. O-O b6 13. Ng3 {[%emt 0:11:20] [#]} Re8 $146 ({Predecessor:} 13... Be6 14. Qd2 Rac8 15. Rac1 Qe7 16. Qb2 c4 17. Bb1 f5 18. f3 Qg5 19. Rce1 Ne7 {1-0 Arikainen,M (1861)-Babanin,G (2147) St Petersburg Korchnoi Memorial op 2023 (7)}) 14. Re1 Bd7 15. Qh5 Qg5 16. Qxg5 (16. Rab1 {keeps more tension.} Red8 17. Qxg5 hxg5 18. dxc5 bxc5 19. Red1) 16... hxg5 17. f3 Rac8 18. Rac1 Be6 19. Kf2 g6 20. Ba6 Rcd8 21. Bb5 Bd7 22. e4 Na5 23. Bxd7 Rxd7 24. dxc5 bxc5 25. exd5 Rxe1 26. Rxe1 {[%emt 0:00:07] [#] Ne4 would be deadly.} Rxd5 $11 {[%emt 0:00:15][%mdl 4096] Endgame KRN-KRN} 27. Ne4 {[%emt 0:02:26] Nf6+ is the strong threat.} Kg7 {[%emt 0:02:40] Wards off Nf6. The position is equal.} 28. Rb1 Nc4 29. Rb7 a6 30. a4 Nd6 31. Nxd6 Rxd6 {[%emt 0:00:00] KR-KR} 32. Rc7 Rd2+ 33. Kg3 Ra2 34. Rxc5 Rxa4 35. Rxg5 f5 36. h4 {[%emt 0:02:27] [#] Strongly threatening h5.} Kf6 37. f4 Rc4 38. h5 gxh5 39. Rxh5 Rxc3+ 40. Kh4 Rc2 {[%emt 0:02:24] An even fight not without its subleties.   Weighted Error Value: White=0.04 (flawless) /Black=0.05 (flawless)} 1/2-1/2

[Event "XX Gran Hotel Bali-A 2023"]
[Site "Benidorm"]
[Date "2023.12.02"]
[Round "1.5"]
[White "Domingo Nunez, Ruben"]
[Black "Duraccio, Walter Mattia"]
[Result "1-0"]
[ECO "B12"]
[WhiteElo "2429"]
[BlackElo "2065"]
[Annotator "TA"]
[PlyCount "47"]
[EventDate "2023.12.02"]
[EventType "swiss"]
[EventCountry "ESP"]
[SourceTitle "playchess.com"]
[Source "ChessBase"]
[SourceQuality "1"]
[TimeControl "5400+30"]

1. e4 c6 2. d4 d5 3. f3 e6 4. Nc3 Bb4 5. Bd2 dxe4 6. Nxe4 {[%emt 0:00:08] B12: Caro-Kann: Advance Variation.} Bxd2+ (6... Qxd4 $2 7. c3 Qd8 8. cxb4 $18) 7. Qxd2 Nf6 8. O-O-O {[%emt 0:01:04] White is slightly better.} O-O {[%emt 0:00:00] [#]} 9. h4 $146 ({Predecessor:} 9. g4 Nxe4 10. fxe4 e5 11. Be2 Qxd4 12. Qxd4 exd4 13. Rxd4 Be6 14. Nf3 Nd7 15. Ng5 {1-0 Czernek,T (2325)-Dudzinski,P (2186) Titled Tuesday intern op 10th Jan Early blitz 2023 (7)}) 9... Nbd7 10. h5 Nxe4 11. fxe4 e5 (11... h6 $14) 12. h6 $16 {[%emt 0:12:34] hxg7 would be deadly.} g6 13. Nf3 Qe7 14. Bc4 (14. dxe5 {simplifies} Nxe5 15. Qc3 f6 16. Nxe5 fxe5 17. Bc4+) 14... a5 ({Black should play} 14... b5) 15. a3 {[%emt 0:08:05] White has more active pieces. The black rooks are badly placed.} b5 16. Bb3 b4 17. a4 (17. dxe5 {keeps more tension.} Nc5 18. Qd6 Ra7 19. Rd4) 17... Ba6 {[%emt 0:00:00] [#]} (17... c5 $16 {was necessary.}) 18. dxe5 $1 $18 Nxe5 (18... Nc5 $16) 19. Qd4 (19. Nxe5 $18 {and the rest is easy. And now Qf4 would win.} Qxe5 20. Qd6 Qxd6 21. Rxd6) 19... Rae8 $16 20. Qb6 $36 {[%emt 0:05:53][%mdl 2048] White has the initiative.} Be2 {[%emt 0:00:00][%csl LRd1,LRf3] [#]} 21. Nxe5 Qg5+ (21... Qxe5 $16 22. Rd2 Bg4) 22. Kb1 $18 {[%emt 0:00:03] Nxf7 is the strong threat.} Bxd1 $2 (22... Rxe5 $2 23. Rd7 Ree8 24. Qf2 $18) (22... Qxe5 23. Rd2 Bg4) 23. Nd7 {[%emt 0:04:49] Hoping for Qd4.} Bh5 24. Qd4 {[%emt 0:00:07] Weighted Error Value: White=0.18 (very precise) /Black=0.57} 1-0

[Event "XX Gran Hotel Bali-A 2023"]
[Site "Benidorm"]
[Date "2023.12.02"]
[Round "1.6"]
[White "Halmeenmaki, Tuomo"]
[Black "Moskalenko, Viktor"]
[Result "0-1"]
[ECO "A41"]
[WhiteElo "2101"]
[BlackElo "2427"]
[Annotator "TA"]
[PlyCount "176"]
[EventDate "2023.12.02"]
[EventType "swiss"]
[EventCountry "ESP"]
[SourceTitle "playchess.com"]
[Source "ChessBase"]
[SourceQuality "1"]
[TimeControl "5400+30"]

1. d4 g6 2. c4 Bg7 3. Nf3 d6 4. e4 Bg4 5. Be2 Nc6 6. Be3 e5 7. d5 Bxf3 8. Bxf3 Nd4 9. Nc3 Ne7 10. O-O O-O {[%emt 0:04:27] 10...c5 is vanishing. A41: 1 d4 d6: Tartakower System and Modern Defence.} 11. Rb1 c6 12. dxc6 bxc6 {[%emt 0:06:11] White is slightly better.} 13. b4 Rc8 14. a4 {[%emt 0:12:38] [#]} a5 $146 ({Predecessor:} 14... f5 15. Bxd4 exd4 16. Ne2 fxe4 17. Bxe4 d5 18. cxd5 cxd5 19. Qb3 Kh8 20. Bf3 Qd6 {0-1 Metras-Baratz,A FRA Cup sf 08th 1953}) 15. b5 cxb5 16. Nxb5 Rxc4 17. Bxd4 (17. Nxd4 $5 exd4 18. Be2 $11) 17... exd4 18. Be2 Rc8 19. Nxd4 d5 20. exd5 Nxd5 21. Nb5 Nf4 (21... Qg5 {feels hotter.} 22. Qb3 Nf4 23. Bf3 Rfd8) 22. Bf3 Qxd1 (22... Qg5 {keeps more tension.} 23. g3 Rfd8 24. Qe1 Nd3) 23. Bxd1 Rfd8 24. Bb3 Nd3 25. Rfd1 {[%emt 0:02:07] White is weak on the dark squares} Rd7 26. Kf1 Rcd8 27. g3 Bf8 28. Bc2 Bc5 29. Bxd3 Rxd3 30. Rxd3 Rxd3 $11 {[%emt 0:00:01][%mdl 4096] Endgame KRB-KRN} 31. Ke2 {[%emt 0:00:19] Wards off Rd2+} Rd7 32. Rc1 Bb4 33. Rc2 {[%emt 0:00:17] Dodges Rd2+} Kg7 34. h4 Re7+ 35. Kf3 Re1 36. Nc3 Ra1 {[%emt 0:00:52] ...Ra3 is the strong threat. Black is more active.} 37. Na2 Be7 38. Re2 Bf6 39. Rc2 Rd1 40. Rc4 Bb2 (40... Rd3+ $15 41. Kg2 Ra3) 41. Rc2 $1 Rd3+ 42. Ke2 (42. Ke4 $11 Rb3 43. Kd5) 42... Rb3 $15 43. Nc1 Bxc1 44. Rxc1 $17 {[%emt 0:00:01] KR-KR} Rb4 45. Ra1 Kf6 46. Ra3 h5 47. Rc3 Rxa4 48. Rc5 (48. Rc7 $17) 48... Ra3 (48... Ra1 $19 {White must now prevent ...a4.} 49. Kd3 a4) 49. Rb5 $2 (49. f3 $17 {was called for.}) 49... a4 $19 50. Ra5 Ra1 51. Kf3 a3 52. Kf4 Ra2 53. Ra6+ (53. Kf3 $17) 53... Ke7 $2 (53... Kg7 $19 54. Ke4 Ra1) 54. f3 Ra1 55. Ke5 {[%emt 0:01:23][%mdl 8192] [#]} (55. Kg5 $1 $11 {and White stays safe.}) 55... f6+ $1 56. Kf4 (56. Ke4 a2) 56... a2 57. Ra3 Ke6 58. Ra5 Kd6 59. Ra3 Kc5 60. Ra8 Kb4 61. Rb8+ Kc3 62. Rc8+ Kd3 63. Rd8+ Ke2 64. Re8+ Kf2 65. Ra8 Kg2 66. Ra3 Kh3 67. Ra8 Rg1 68. Rxa2 Rxg3 69. Ra6 f5 $2 (69... Kxh4 70. Rxf6 Kh3 71. Rb6 $19) (69... g5+ $19 70. hxg5 fxg5+ 71. Ke4 h4) 70. Ra1 $11 Kxh4 {[%emt 0:00:13] Strongly threatening ...g5+.} 71. Rh1+ Rh3 72. Rf1 $1 g5+ (72... Rh2 $5 73. Rg1 $8 g5+ 74. Rxg5 Rc2 75. Rxf5 Rc3 $11) 73. Kxf5 Rh2 {[%emt 0:00:05] ( -> ...g4)} (73... g4 $5 74. Kf4 $8 Rh2 $11) 74. Rg1 Rh3 (74... Rc2 $5 75. Rh1+ $8 Kg3 76. Rxh5 Kxf3 77. Rxg5 Rh2 $11) 75. Rf1 g4 76. fxg4 $2 (76. Kf4 $11) 76... hxg4 {[%emt 0:00:07][%cal Bh5g4,Bg4g3,Bg3g2][%mdl 32] Black mates.} 77. Kf4 {[%emt 0:00:26] [#]} Rh2 $1 78. Ra1 Rf2+ 79. Ke3 g3 80. Ra8 Rf7 81. Rh8+ Kg4 82. Ke2 g2 83. Rg8+ Kh3 84. Rh8+ Kg3 85. Rg8+ Kh2 86. Rh8+ Kg1 87. Ke1 Re7+ 88. Kd2 Re5 {[%emt 0:00:22] Weighted Error Value: White=0.37/Black=0.11 (very precise)} 0-1

[Event "XX Gran Hotel Bali-A 2023"]
[Site "Benidorm"]
[Date "2023.12.02"]
[Round "1.7"]
[White "Ilinca, Felix-Antonio"]
[Black "Kovacs, Zoltan"]
[Result "1-0"]
[ECO "A25"]
[WhiteElo "2395"]
[BlackElo "2146"]
[Annotator "TA"]
[PlyCount "31"]
[EventDate "2023.12.02"]
[EventType "swiss"]
[EventCountry "ESP"]
[SourceTitle "playchess.com"]
[Source "ChessBase"]
[SourceQuality "1"]
[TimeControl "5400+30"]

1. c4 e5 2. Nc3 Nc6 3. Nf3 f5 4. g3 Nf6 5. Bg2 Bc5 6. Nxe5 {[%emt 0:04:24][%mdl 64] [#] aiming for Nd3. Remove Defender, Deflection. A25: English Opening vs King's Indian with ...Nc6 but without early d3.} Nxe5 (6... Bxf2+ $11 {keeps the balance.} 7. Kxf2 Nxe5) 7. d4 $16 Bxd4 8. Qxd4 {[%emt 0:00:08] White is better.} d6 9. O-O O-O {[%emt 0:00:37] [#]} 10. c5 $146 ({Predecessor:} 10. b3 Qe7 11. Bg5 c6 12. Rad1 Rd8 13. e4 h6 14. f4 c5 15. Bxf6 gxf6 16. Nd5 {1-0 Volodin,K (1905)-Shabunin,D (1739) Voronezh Rating op 06 2014 (2)}) 10... Nf7 11. Rd1 {[%emt 0:02:11] White is much more active. The black rooks are badly placed.} Qe7 12. cxd6 Nxd6 13. Bg5 {[%emt 0:01:43] Black must now prevent Nd5.} Be6 14. Rac1 Kh8 15. Qc5 Rf7 (15... Rfe8 $16 16. Bf4 Qf7) 16. Nd5 {[%emt 1:10:43] Black got outplayed after the opening.   Weighted Error Value: White=0.07 (flawless) /Black=0.22 (precise)} 1-0

[Event "XX Gran Hotel Bali-A 2023"]
[Site "Benidorm"]
[Date "2023.12.02"]
[Round "1.8"]
[White "Leiros Vila, Avelino"]
[Black "Decuigniere, Tom"]
[Result "0-1"]
[ECO "B10"]
[WhiteElo "2057"]
[BlackElo "2408"]
[Annotator "TA"]
[PlyCount "38"]
[EventDate "2023.12.02"]
[EventType "swiss"]
[EventCountry "ESP"]
[SourceTitle "playchess.com"]
[Source "ChessBase"]
[SourceQuality "1"]
[TimeControl "5400+30"]

1. e4 c6 2. d3 d5 3. Nd2 e5 4. Ngf3 Bd6 5. d4 exd4 6. exd5 Nf6 {[%emt 0:01:02] B10: Caro-Kann: 2 d3 and 2 c4.} 7. Nxd4 Nxd5 8. Nc4 $1 Bb4+ {[%emt 0:06:00][%cal Bd6b4,Bb4c5,Bc5e7][%mdl 32] Black has an edge.} 9. Bd2 $1 O-O {[%emt 0:01:35] [#] Strongly threatening ...Re8+.} 10. c3 $146 ({Predecessor:} 10. Be2 b5 11. Bxb4 Nxb4 12. Ne3 Nd5 13. Nxc6 Nxc6 14. Qxd5 Qxd5 15. Nxd5 Nd4 16. Bd3 {1-0 Gonzalez,R (2472)-Condori Aranya,E (2157) Bogota McGregor op 4th 2013 (7)}) 10... Bc5 11. Bd3 Re8+ 12. Kf1 (12. Be2 $1 $15 {should be considered.}) 12... Nd7 $17 13. Qh5 (13. Kg1 $142) 13... g6 ({Better is} 13... N7f6 14. Qd1 b5) 14. Qg5 {[%emt 0:07:03] [#]} (14. Qf3 $142) 14... Be7 $1 $36 {[%emt 0:03:16][%mdl 2048] Black is really pushing.} 15. Qg3 Nc5 {[%emt 0:01:43] Threatens to win with ...Bh4.} 16. Bc2 Nf6 17. Re1 {[%emt 0:03:14] Prevents Nfe4} Qd5 18. b3 Nfe4 19. Qf3 {[%emt 0:03:53][%mdl 8192] [#]} ({Wrong is} 19. Bxe4 $2 Nxe4 20. Qf4 Bf5 $19) (19. Qf4 $17 Nxd2+ 20. Qxd2) 19... Qxc4+ $3 {[%emt 0:01:38][%mdl 576] Remove Defender. White got outplayed after the opening.   Weighted Error Value: White=0.37/Black=0.10 (very precise)} 0-1

[Event "XX Gran Hotel Bali-A 2023"]
[Site "Benidorm"]
[Date "2023.12.02"]
[Round "1.9"]
[White "Trigo Urquijo, Sergio"]
[Black "Schaffert, Walter"]
[Result "1-0"]
[ECO "E71"]
[WhiteElo "2400"]
[BlackElo "2057"]
[Annotator "TA"]
[PlyCount "51"]
[EventDate "2023.12.02"]
[EventType "swiss"]
[EventCountry "ESP"]
[SourceTitle "playchess.com"]
[Source "ChessBase"]
[SourceQuality "1"]
[TimeControl "5400+30"]

1. d4 Nf6 2. c4 g6 3. Nc3 Bg7 4. e4 O-O 5. Be3 d6 6. h3 e5 7. d5 a5 8. g4 {[%emt 0:01:11] E71: King's Indian: 4 e4 d6 5 h3.} Na6 9. Qd2 {[%emt 0:00:58] [#]} Bd7 $146 (9... Nc5 $14) ({Predecessor:} 9... Nc5 10. f3 h5 11. O-O-O Bd7 12. Bg5 Qe8 13. Kb1 Nh7 14. Bh4 f5 15. gxh5 g5 {½-½ Kollars,D (2635)-Nenezic,M (2525) Titled Tuesday intern op 22 Mar Late blitz 2022 (3)}) 10. Nge2 {[%emt 0:02:53] White is better.} c6 11. dxc6 Bxc6 12. f3 Nc7 13. O-O-O Nfe8 14. c5 {[%emt 0:04:08] White is more active.} ({Better is} 14. Kb1 $16) 14... Ne6 $1 $11 15. cxd6 b5 16. d7 $132 {[%emt 0:08:31][%mdl 2048] White puts up resistance} Nf6 (16... N8c7 $5 ) 17. Qd6 (17. g5 {simplifies} Nxd7 18. Kb1 b4 19. Nd5) 17... Qc7 {[%emt 0:19:27] A mistake that costs the game.} (17... Bxd7 $11 {and Black is okay.} 18. g5 (18. Qxe5 $2 {too greedy.} Nxg4 $19) 18... b4) 18. Qxc7 $18 Nxc7 {[%emt 0:00:23] [#]} 19. Rd6 $1 ({Weaker is} 19. Bb6 Ne6 $14) 19... Bb7 (19... Bxd7 {keeps fighting.} 20. g5 Nce8) 20. Bb6 Ne6 21. Ng3 ({Worse is} 21. Nxb5 Bh6+ 22. Kd1 Nxd7 $14) 21... b4 22. Nd5 {[%emt 0:02:51] Black is weak on the light squares} Nxd5 $2 {[%emt 0:11:57] [#]} (22... Rfd8 23. Bb5 Nxd5) 23. exd5 {[%emt 0:00:23] White is clearly winning.} Nd8 24. Ne4 f6 25. Nc5 f5 26. Bxd8 {[%emt 0:02:16][%mdl 64] Remove Defender.   Weighted Error Value: White=0.23 (precise) /Black=0.58} 1-0

[Event "XX Gran Hotel Bali-A 2023"]
[Site "Benidorm"]
[Date "2023.12.02"]
[Round "1.10"]
[White "Pedersen, Max Moe"]
[Black "Davtyan, David Arm."]
[Result "0-1"]
[ECO "D37"]
[WhiteElo "2047"]
[BlackElo "2362"]
[Annotator "RC"]
[PlyCount "38"]
[EventDate "2023.12.02"]
[EventType "swiss"]
[EventCountry "ESP"]
[SourceTitle "playchess.com"]
[Source "ChessBase"]
[SourceQuality "1"]
[TimeControl "5400+30"]

1. c4 Nf6 2. d4 e6 3. Nf3 d5 4. Nc3 Be7 5. Bf4 dxc4 6. e3 a6 7. Bxc4 b5 8. Bd3 Bb7 9. O-O Nbd7 10. e4 b4 11. Na4 Nxe4 12. Qc2 Nd6 13. Ne5 Nb5 14. Nc5 Bxc5 15. dxc5 Nxe5 16. Bxb5+ axb5 17. Rfd1 Qf6 18. Qd2 O-O 19. Qxb4 Ra4 0-1

[Event "XX Gran Hotel Bali-A 2023"]
[Site "Benidorm"]
[Date "2023.12.02"]
[Round "1.11"]
[White "Cruz Lledo, Pablo"]
[Black "Ramadugu Akshay"]
[Result "1/2-1/2"]
[ECO "D30"]
[WhiteElo "2368"]
[BlackElo "2051"]
[Annotator "RC"]
[PlyCount "46"]
[EventDate "2023.12.02"]
[EventType "swiss"]
[EventCountry "ESP"]
[SourceTitle "playchess.com"]
[Source "ChessBase"]
[SourceQuality "1"]
[TimeControl "5400+30"]

1. d4 d5 2. c4 c6 3. Nf3 Nf6 4. e3 e6 5. Nbd2 Nbd7 6. Be2 Bd6 7. Qc2 O-O 8. O-O a5 9. e4 dxe4 10. Nxe4 Nxe4 11. Qxe4 Nf6 12. Qh4 Be7 13. Rd1 Nd5 14. Qg3 Bd6 15. Ne5 Ne7 16. c5 Bc7 17. Bf4 Nd5 18. Bh6 Qf6 19. Bg5 Bxe5 20. dxe5 Qg6 21. Rd4 f5 22. exf6 e5 23. fxg7 Rf5 1/2-1/2

[Event "XX Gran Hotel Bali-A 2023"]
[Site "Benidorm"]
[Date "2023.12.02"]
[Round "1.12"]
[White "Stuer, Marc"]
[Black "Garcia Martin, Marta"]
[Result "0-1"]
[ECO "A43"]
[WhiteElo "2040"]
[BlackElo "2350"]
[Annotator "RC"]
[PlyCount "74"]
[EventDate "2023.12.02"]
[EventType "swiss"]
[EventCountry "ESP"]
[SourceTitle "playchess.com"]
[Source "ChessBase"]
[SourceQuality "1"]
[TimeControl "5400+30"]

1. d4 Nf6 2. Nf3 c5 3. d5 b5 4. c3 Bb7 5. e4 c4 6. Nbd2 e6 7. a4 a6 8. axb5 axb5 9. Rxa8 Bxa8 10. b3 exd5 11. e5 Ng4 12. h3 Nh6 13. Nd4 b4 14. bxc4 bxc3 15. N2f3 Qa5 16. Qb3 Na6 17. cxd5 c2+ 18. Nd2 Bb4 19. Qxc2 O-O 20. Bb5 Bc5 21. Bxa6 Bxd4 22. Qc4 Bxe5 23. Qb5 Qxb5 24. Bxb5 Bxd5 25. Bxd7 Rd8 26. Bb5 Bxg2 27. Rg1 Bxh3 28. Nc4 Bc3+ 29. Ke2 Nf5 30. Be3 Nxe3 31. fxe3 h5 32. Rc1 Bf6 33. Nd2 Bg4+ 34. Nf3 Rb8 35. Rc5 Be7 36. Rd5 Be6 37. Rxh5 Rxb5 0-1